AoeStats
← Chaac1706

Arabia

506493940Analyzed
1v1 RM · 19d ago on Sep 13, 2026· 43m 42s· 2 players
Game mode
Random Map
Map size
Tiny (2 player)
Population
200
Speed
Normal
Resources
Standard
Victory
Conquest
Starting age
Dark Age
Ending age
Imperial Age
RankedLock teamsTeams togetherTeam positionsShared explorationLock speedFull tech treeHidden civsTurbo modeCheats
Victory
Defeat
🇩🇪 Romans · Germany
1209
+15
🇨🇴 Muisca · Colombia
1189
-15
Chaac1706
3:00 Loom
9:56 Feudal Age
14:58 Scale Mail Armor
14:53 Fletching
15:44 Double-Bit Axe
18:06 Horse Collar
19:17 Gold Mining
24:56 Castle Age
24:51 Wheelbarrow
24:02 Town Watch
24:10 Stone Mining
25:41 Crossbowman
26:27 Thumb Ring
29:24 Hand Cart
30:38 Ballistics
35:12 Town Watch
37:13 Town Patrol
41:37 Imperial Age
41:45 Arbalester
42:26 Bodkin Arrow
42:31 Padded Archer Armor
43:00 Bow Saw
42:50 Heavy Plow
43:26 Huaracas
43:24 Herbalism
43:45 Conscription
r8ndom
4:58 Loom
9:37 Feudal Age
10:14 Double-Bit Axe
10:10 Horse Collar
10:17 Man-at-Arms
15:21 Wheelbarrow
20:11 Castle Age
19:00 Bloodlines
19:25 Forging
21:51 Husbandry
24:00 Scale Mail Armor
24:38 Squires
25:51 Bow Saw
25:30 Long Swordsman
26:18 Heavy Plow
30:09 Gold Mining
30:57 Hand Cart
30:50 Fletching
32:40 Padded Archer Armor
33:25 Ballistics
32:42 Pikeman
33:09 Elite Skirmisher
38:39 Imperial Age
37:21 Chain Mail Armor
37:02 Bodkin Arrow
37:24 Leather Archer Armor
37:44 Iron Casting
40:13 Conscription
40:07 Halberdier
Connection lost

Rejoining the realm…

Still unreachable

The connection could not be restored.

Session expired

The server has moved on; the page needs a fresh start.